Map: Eastwatch LE

Players

MaNa

  • Race: Protoss Protoss
  • Spawn Location: 1:00

Trust - Winner!

  • Race: Protoss Protoss
  • Spawn Location: 7:00

Event: IEM Season 12 - Katowice

VOD

Have the link to the VOD?

Description

Time

  • Played on: Feb. 26, 2018, 10:54 a.m.
  • Length: 5:13

All games in this series

Show
View Real Time Build Order
Export as new Build Order

MaNa Protoss 

Build Orders:  

Get SALT Encoding   

  12  0:00  Probe  
  13  0:12  Probe  
  14  0:18  Pylon  
  14  0:24  Probe (Chrono Boost)  
  15  0:37  Probe (Chrono Boost)  
  15  0:39  Gateway  
  16  0:45  Probe (Chrono Boost)  
  16  0:46  Assimilator  
  17  0:51  Probe (Chrono Boost)  
  17  0:54  Assimilator  
  18  1:03  Probe (Chrono Boost)  
  19  1:07  Gateway  
  20  1:11  Probe (Chrono Boost)  
  20  1:18  Probe  
  21  1:26  Cybernetics Core  
  21  1:30  Probe  
  22  1:33  Pylon  
  22  1:42  Probe  
  23  1:56  Probe  
  23  2:00  Warp Gate (Chrono Boost)  
  24  2:02  Adept  
  24  2:03  Adept  
  24  2:06  Pylon  
  24  2:08  Probe  
  29  2:19  Twilight Council  
  29  2:24  Pylon  
  29  2:30  Adept  
  29  2:36  Adept  
  33  2:52  Resonating Glaives (Chrono Boost)  
  33  2:58  Adept  
  35  3:03  Adept  
  37  3:11  Pylon  
  36  3:22  Probe  
  35  3:30  Adept  
  36  3:34  Probe, Robotics Facility  
  36  3:46  Probe  
  24  3:58  Probe  
  22  4:14  Adept x2  
  26  4:20  Probe  
  27  4:32  Probe  
  27  4:35  Stalker  
  24  4:51  Probe  
Show
View Real Time Build Order
Export as new Build Order

Trust Protoss - Winner!

Build Orders: Oracle Opening 

Get SALT Encoding   

  12  0:00  Probe  
  13  0:12  Probe  
  14  0:17  Pylon  
  14  0:24  Probe (Chrono Boost)  
  15  0:37  Probe (Chrono Boost), Gateway  
  16  0:45  Probe (Chrono Boost)  
  16  0:46  Assimilator  
  17  0:51  Probe (Chrono Boost)  
  17  0:55  Assimilator  
  18  1:03  Probe (Chrono Boost)  
  19  1:08  Gateway  
  19  1:11  Probe (Chrono Boost)  
  20  1:19  Probe  
  20  1:24  Cybernetics Core  
  21  1:31  Probe  
  22  1:35  Pylon  
  22  1:43  Probe  
  23  1:55  Probe  
  23  2:00  Stargate  
  24  2:05  Adept x2  
  28  2:10  Warp Gate  
  28  2:17  Pylon  
  28  2:36  Adept x2  
  32  2:48  Oracle (Chrono Boost)  
  35  2:57  Pylon  
  34  3:17  Oracle (Chrono Boost)  
  37  3:31  Nexus  
  33  3:40  Stalker x2  
  37  3:54  Pylon  
  37  4:01  Robotics Facility  
  37  4:17  Oracle (Chrono Boost)  
  40  4:29  Stalker  
  40  4:30  Zealot  
  40  4:54  Stalker x2  
  44  5:09  Gateway  

Tags
 
Add a new tag
Caveats
  • Supply blocks, unpowered buildings, or Contaminate may cause inaccurate times.
  • Supply counts are checked every 10 seconds.